 Dungeon Crawl Stone Soup version 0.30-a0-1124-g6e8f0f562f (webtiles) character file.

Game seed: 5895555775833140076

131942 Majang the Thaumaturge (level 16, -8/130 HPs)
             Began as a Demigod Earth Elementalist on Apr 16, 2023.
             Mangled by a salamander tyrant (14 damage)
             ... on level 4 of the Snake Pit on Apr 23, 2023.
             The game lasted 03:08:57 (30402 turns).

Majang the Thaumaturge (DgEE)                      Turns: 30402, Time: 03:08:58

Health: -8/130     AC: 12    Str:  9    XL:     16   Next: 8%
Magic:  13/38      EV: 14    Int: 43    God:
Gold:   622        SH:  6    Dex: 11    Spells: 13/40 levels left

rFire   + . .        w - staff of conjuration
rCold   + . .        g - +1 buckler {rC+ rF+}
rNeg    . . .        k - +1 robe {Archmagi}
rPois   +            R - +2 helmet {SInv}
rElec   .            N - +0 cloak
rCorr   .            W - +2 pair of gloves
SInv    +            Y - +1 pair of boots {rampage}
Will    +....        r - amulet "Gaocs" {RegenMP rPois Dex-3 Stlth+}
Stlth   +++          A - +6 ring of intelligence
HPRegen 0.41/turn    t - ring of wizardry
MPRegen 0.66/turn

%: rampage, wizardry (x1), archmagi
@: weakened, flying, invisible
A: high MP 1, forlorn, divine attributes
a: no special abilities


You were on level 4 of the Snake Pit.
You visited 4 branches of the dungeon, and saw 23 of its levels.
You also visited: Sewer and Ice Cave.

You collected 2663 gold pieces.
You spent 2041 gold pieces at shops.

Inventory:

Hand Weapons
 a - a +1 morningstar
Armour
 c - +3 steam dragon scales
 g - a +1 buckler of resistance (worn)
 k - a +1 robe of the Archmagi (worn)
 N - a +0 cloak (worn)
 R - a +2 helmet of see invisible (worn)
 W - a +2 pair of gloves (worn)
 Y - a +1 pair of boots of rampaging (worn)
Magical Staves
 b - a staff of earth
 w - a staff of conjuration (weapon)
 X - a staff of cold
Jewellery
 f - a ring of ice
 p - a ring of positive energy
 r - the amulet "Gaocs" (around neck) {RegenMP rPois Dex-3 Stlth+}
   (You bought it in a shop on level 2 of the Orcish Mines)

   [amulet of magic regeneration]

   It increases your rate of magic regeneration.
   Dex:       It affects your dexterity (-3).
   rPois:     It protects you from poison.
   Stlth:     It makes you more stealthy.
 t - a ring of wizardry (right hand)
 A - a +6 ring of intelligence (left hand)
 F - a ring of flight
Wands
 l - a wand of mindburst (16)
 s - a wand of flame (31)
 x - a wand of roots (15)
 y - a wand of charming (27)
 D - a wand of acid (14)
 I - a wand of polymorph (3)
Scrolls
 j - 2 scrolls of summoning
 z - a scroll of enchant weapon
 C - a scroll of fog
 G - a scroll of brand weapon
 H - a scroll of magic mapping
 J - 4 scrolls of amnesia
 K - 2 scrolls of teleportation
 L - 4 scrolls of immolation
Potions
 d - 3 potions of ambrosia
 e - 11 potions of curing
 i - a potion of flight
 m - a potion of heal wounds
 n - a potion of berserk rage
 o - 2 potions of resistance
 q - 5 potions of lignification
 u - 4 potions of might
 v - 6 potions of mutation
 B - 5 potions of invisibility
 E - 2 potions of brilliance
 P - a potion of magic
 S - a potion of cancellation
 T - a potion of attraction
 V - 6 potions of haste
Miscellaneous
 h - a phantom mirror
 M - a phial of floods (inert)
 O - a lightning rod (4/4)
 U - a tin of tremorstones (inert)


   Skills:
 + Level 8.8 Fighting
 + Level 8.8 Staves
 + Level 9.0 Dodging
 - Level 1.7 Stealth
 - Level 6.0 Shields
 * Level 12.8 Spellcasting
 + Level 9.5 Conjurations
 - Level 7.1 Transmutations
 * Level 7.2 Fire Magic
 + Level 10.2 Earth Magic
 + Level 8.7 Evocations


You had 13 spell levels left.
You knew the following spells:

 Your Spells              Type           Power      Damage    Failure   Level
a - Sandblast             Erth           100%       2d20      0%          1
b - Stone Arrow           Conj/Erth      100%       3d13      1%          3
c - Fireball              Conj/Fire      61%        3d23      1%          5
i - Iron Shot             Conj/Erth      65%        9d12      1%          6
p - Petrify               Tmut/Erth      100%       N/A       1%          4
s - Starburst             Conj/Fire      61%        6d16      3%          6
w - Passwall              Tmut/Erth      84%        N/A       1%          2

Your spell library contained the following spells:

 Spells                   Type           Power      Damage    Failure   Level
 Foxfire                  Conj/Fire      100%       2x1d9     1%          1
 Ensorcelled Hibernation  Hex/Ice        82%        N/A       1%          2
 Lesser Beckoning         Tloc           82%        N/A       1%          2
 Poisonous Vapours        Pois/Air       82%        N/A       1%          2
 Gell's Gravitas          Tloc           41%        N/A       1%          3
 Hailstorm                Conj/Ice       100%       3d20      1%          3
 Mephitic Cloud           Conj/Pois/Air  89%        N/A       1%          3
 Spider Form              Tmut/Pois      72%        N/A       1%          3
 Teleport Other           Tloc           41%        N/A       1%          3
 Animate Armour           Summ/Erth      100%       N/A       1%          4
 Ice Form                 Ice/Tmut       72%        N/A       1%          4
 Blade Hands              Tmut           46%        N/A       1%          5
 Freezing Cloud           Conj/Ice/Air   44%        6-21      4%          5
 Anguish                  Hex/Necr       20%        N/A       6%          4
 Plasma Beam              Fire/Air       36%        2x1d54    21%         6
 Simulacrum               Ice/Necr       20%        N/A       65%         6
 Enfeeble                 Hex            20%        N/A       99%         7


Dungeon Overview and Level Annotations

Branches:
Dungeon (12/15)            Temple (0/1) D:6            Lair (5/5) D:10
 Shoals (0/4) Lair:3        Snake (4/4) Lair:3        Slime (0/5) Lair:4
    Orc (2/2) D:12            Elf (0/3) Orc:2         Sewer (visited)
  IceCv (visited)

Shops:
D:12 [(   Orc:1 *   Orc:2 [(=!:   Snake:1 (   Snake:2 *=   Snake:3 [

Annotations:
D:8 1 runed translucent door
Orc:1 3 runed translucent doors, topfpfpflanze's ghost, journeyman OpCj


Innate Abilities, Weirdness & Mutations

You have an increased reservoir of magic. (+10% MP)
You shall have no god before yourself.
Your divine heritage dramatically boosts your attributes as you level up.


Message History

Splash!
You fall into the shallow water.
Moving in this stuff is going to be slow.
The salamander mystic is engulfed in water.
The naga sharpshooter is engulfed in water.
You hear an angry hiss. x2; You hear a shout!
You hear an angry hiss.
You hear a shout! x3
A shock serpent comes into view.
The naga sharpshooter spits poison at you.
The splash of poison misses you. The salamander tyrant misses you.
A salamander mystic comes into view. It is wielding a +0 quarterstaff.
Okay, then.
Press: ? - help, v - describe, . - travel, g - get item
Here: a salamander tyrant (severely wounded, fast, waterlogged)
Items here: ))) ††.
Some shallow water, summoned.
You fade into invisibility!
A black mamba comes into view.
You block the salamander tyrant's attack.
The naga sharpshooter shoots an arrow.
The arrow hits you!
The salamander mystic hits you but does no damage.
The salamander mystic points at something and mumbles some strange words.
Unknown command.
You feel very buoyant.
You fly up into the air.
A black mamba comes into view.
The salamander tyrant hits you.
You are engulfed in flames!
You resist.
* * * LOW HITPOINT WARNING * * *
The naga sharpshooter shoots an arrow.
The arrow hits you!
* * * LOW HITPOINT WARNING * * *
The salamander tyrant hits you but does no damage.
The salamander mystic completely misses you.
The salamander mystic gestures at something while chanting.
You hear an angry hiss.
The naga sharpshooter shoots an arrow.
The arrow hits you!
* * * LOW HITPOINT WARNING * * *
The salamander tyrant hits you.
* * * LOW HITPOINT WARNING * * *
You are engulfed in flames!
You resist.
You die...

######## ******####** #.......
*,,,,,....,* ##.###'##
*,,,,,.....* ##..# #.#
*,,,,,.....###### ##..)###.##
*,,,,,....[.....## #....#.....
********#........## #....#.....
#......~~.# #....##...#
#..).<÷)@N# ##≈....##.##
#...÷..~)~####..≈....###,
#..<..[~)N)....#####....,
#...$.~NS.###### *#.##*
#....)....#* *.#
#......).N.#****** **,#
#..[........(,,,,***,,*
********#......SN.##.#,,,,,,,,***
*,,,,,,,..........#*.#,******,,,,


You could see a naga sharpshooter (catching breath, waterlogged), a salamander
tyrant (fast, unable to see you, waterlogged), 2 salamander mystics, a shock
serpent (unable to see you), a black mamba (unable to see you) and a naga.

Vanquished Creatures
  Vashnia (Snake:3)
  Mlioglotl (Snake:1)
  Jorgrun (D:12)
  2 nagarajas
  2 frost giants (IceCv)
  Aizul (Snake:2)
  An orc warlord (Orc:2)
  A white draconian (IceCv)
  7 ice dragons (IceCv)
  2 salamander tyrants
  A catoblepas (Lair:5)
  A centaur warrior (D:11)
  3 hydras
  9 anacondas
  2 two-headed ogres
  5 ironbound frosthearts (IceCv)
  3 boulder beetles
  3 death yaks
  6 naga warriors
  2 orc high priests (Orc:2)
  10 naga sharpshooters
  A shock serpent (Snake:3)
  Nergalle (Orc:1)
  A skyshark (Lair:3)
  2 deep elf knights (D:11)
  3 salamander mystics
  10 spectral anacondas (Snake:1)
  4 anaconda zombies (Snake:1)
  3 naga ritualists
  2 orc knights (Orc:2)
  An orange crystal statue (IceCv)
  An anaconda skeleton (Snake:1)
  Pikel (D:8)
  5 mana vipers
  2 orc sorcerers (Orc:2)
  15 salamanders
  An oklob plant (Lair:5)
  2 manticores
  A cyclops (D:12)
  8 ugly things
  3 guardian serpents (Snake:3)
  24 black mambas
  Joseph (D:7)
  14 elephants
  7 naga magi
  3 gargoyles
  15 cane toads
  An unseen horror (D:12)
  Maggie (D:6)
  12 rime drakes
  2 kobold demonologists (D:10)
  5 anaconda simulacra (Snake:1)
  9 komodo dragons
  3 freezing wraiths (Snake:4)
  A yaktaur (D:11)
  An efreet (D:11)
  A wind drake (Lair:4)
  14 polar bears
  5 hornets
  7 trolls
  13 blink frogs
  Prince Ribbit (D:7)
  9 dream sheep
  A shadow (D:11)
  5 slime creatures
  9 spriggans (Lair:5)
  2 wraiths (D:12)
  20 yaks
  4 basilisks
  A vampire (D:12)
  Grum (D:10)
  3 wyverns
  3 steam dragons
  7 wargs
  25 nagas
  10 water moccasins
  Duvessa (D:7)
  An ice beast (D:8)
  28 orc warriors
  4 black bears
  3 sky beasts
  3 boggarts (Lair:5)
  12 wolves
  8 ogres
  2 centaurs
  2 lemures (D:8)
  5 kobold brigands (Sewer)
  A phantom (D:5)
  9 bullfrogs
  5 scorpions
  10 wights
  Dowan (D:7)
  3 killer bees (D:10)
  3 howler monkeys (D:10)
  3 jellies
  A lava snake (Snake:2)
  A gnoll bouda (D:5)
  21 orc priests
  6 hounds
  2 sleepcaps
  9 iguanas
  44 orc wizards
  14 adders
  21 gnolls
  2 river rats (Sewer)
  2 white imps
  An ufetubus (D:6)
  7 worms
  3 dart slugs
  109 orcs
  7 ball pythons
  5 endoplasms
  5 giant cockroaches
  4 goblins
  6 hobgoblins
  2 jackals (D:4)
  19 kobolds
  6 quokkas
  13 bats
  2 frilled lizards (D:2)
  A jackal zombie (D:8)
  6 rats
  A butterfly (Lair:3)
795 creatures vanquished.

Vanquished Creatures (others)
  An orc wizard (D:9)
  A bush (Lair:5)
  39 fungi
  37 plants
78 creatures vanquished.

Grand Total: 873 creatures vanquished

Notes
Turn   | Place    | Note
-------+----------+-------------------------------------------
     0 | D:1      | Majang the Demigod Earth Elementalist began the quest for
                  | the Orb.
     0 | D:1      | Reached XP level 1. HP: 14/14 MP: 5/5
    67 | D:1      | Reached skill level 2 in Spellcasting
    67 | D:1      | Reached XP level 2. HP: 20/20 MP: 2/7
   924 | D:2      | Reached XP level 3. HP: 26/26 MP: 7/9
   931 | D:1      | Reached skill level 3 in Spellcasting
   983 | D:1      | Learned a level 3 spell: Stone Arrow
  1009 | D:2      | Reached XP level 4. HP: 33/33 MP: 2/11
  1770 | D:3      | Reached XP level 5. HP: 22/38 MP: 1/13
  2232 | D:3      | Reached skill level 4 in Spellcasting
  2232 | D:3      | Reached skill level 1 in Conjurations
  2704 | D:4      | Noticed a black bear
  2709 | D:4      | Killed a black bear
  2710 | D:4      | Reached XP level 6. HP: 31/45 MP: 10/15
  3652 | D:5      | Entered Level 5 of the Dungeon
  3669 | D:5      | Learned a level 2 spell: Passwall
  3674 | D:5      | Learned a level 4 spell: Petrify
  3868 | D:5      | Reached skill level 5 in Spellcasting
  3975 | D:5      | Reached XP level 7. HP: 50/50 MP: 10/18
  4411 | D:5      | Reached skill level 5 in Earth Magic
  4499 | D:5      | Reached skill level 1 in Transmutations
  4961 | D:6      | Found a glowing drain.
  4982 | Sewer    | Entered a sewer
  5089 | Sewer    | Reached skill level 1 in Staves
  5089 | Sewer    | Reached skill level 6 in Spellcasting
  5089 | Sewer    | Reached XP level 8. HP: 56/58 MP: 13/20
  5131 | Sewer    | Reached skill level 1 in Fighting
  5132 | Sewer    | Reached skill level 1 in Evocations
  5638 | D:6      | Noticed Maggie
  5652 | D:6      | Killed Maggie
  6062 | D:6      | Reached XP level 9. HP: 60/67 MP: 17/22
  6371 | D:6      | Found a staircase to the Ecumenical Temple.
  6809 | D:7      | Identified a scroll of acquirement
  6809 | D:7      | Acquired a +1 buckler of resistance
  6821 | D:7      | You fall into a shaft and drop 1 floor!
  6893 | D:7      | Reached skill level 7 in Spellcasting
  7018 | D:7      | Noticed Joseph
  7034 | D:7      | Killed Joseph
  7035 | D:7      | Reached skill level 1 in Shields
  7600 | D:7      | Noticed Dowan
  7609 | D:7      | Killed Dowan
  7667 | D:7      | Noticed Prince Ribbit
  7668 | D:7      | Killed Prince Ribbit
  8045 | D:7      | Noticed Duvessa
  8051 | D:7      | Killed Duvessa
  8160 | D:8      | Reached XP level 10. HP: 77/77 MP: 21/25
  8328 | D:8      | Reached skill level 5 in Conjurations
  8520 | D:8      | Found a runed translucent door.
  8525 | D:8      | Noticed Pikel
  8554 | D:8      | Killed Pikel
  9402 | D:10     | Entered Level 10 of the Dungeon
  9545 | D:10     | Found a staircase to the Lair.
  9618 | D:10     | Reached skill level 8 in Spellcasting
  9641 | D:10     | Noticed a blizzard demon
  9736 | D:10     | Noticed Grum
  9754 | D:10     | Killed Grum
 10452 | Lair:1   | Entered Level 1 of the Lair of Beasts
 10540 | Lair:1   | Noticed a black mamba
 10546 | Lair:1   | Killed a black mamba
 10547 | Lair:1   | Reached XP level 11. HP: 52/85 MP: 17/27
 10978 | Lair:1   | Reached skill level 5 in Dodging
 11963 | Lair:2   | Reached skill level 5 in Transmutations
 12124 | Lair:2   | Reached skill level 5 in Fighting
 12155 | Lair:2   | Noticed a seven-headed hydra
 12160 | Lair:2   | Killed a seven-headed hydra
 12161 | Lair:2   | Reached skill level 5 in Staves
 12161 | Lair:2   | Reached skill level 9 in Spellcasting
 12229 | Lair:2   | Reached skill level 5 in Evocations
 12910 | Lair:3   | Reached XP level 12. HP: 94/94 MP: 13/29
 12984 | Lair:3   | Found a staircase to the Snake Pit.
 13243 | Lair:3   | Found a staircase to the Shoals.
 14324 | Lair:4   | Noticed a boulder beetle
 14337 | Lair:4   | Killed a boulder beetle
 14472 | Lair:4   | Noticed a four-headed hydra
 14478 | Lair:4   | Killed a four-headed hydra
 14661 | Lair:4   | Reached skill level 5 in Shields
 14914 | Lair:4   | Found a staircase to the Slime Pits.
 14969 | Lair:5   | Entered Level 5 of the Lair of Beasts
 15362 | Lair:4   | Acquired a book of Iron
 15371 | Lair:4   | Learned a level 6 spell: Iron Shot
 15978 | Lair:4   | Reached skill level 10 in Spellcasting
 16508 | Lair:5   | Noticed a catoblepas
 16510 | Lair:5   | Reached XP level 13. HP: 77/102 MP: 26/31
 16858 | Lair:5   | Found the +10 tower shield of Ignorance {rN+ Int-4}
 18385 | Lair:1   | Upgraded the game from 0.30-a0-1085-g990a428a5c to
                  | 0.30-a0-1104-g706747fef1
 20193 | D:12     | Noticed Jorgrun
 20199 | D:12     | Killed Jorgrun
 20348 | D:12     | Found Voqioff's Armour Boutique.
 20352 | D:12     | Found a staircase to the Orcish Mines.
 20354 | D:12     | Found Zaju's Weapon Boutique.
 20362 | D:12     | Bought a +2 pair of gloves for 214 gold pieces
 21198 | Orc:1    | Entered Level 1 of the Orcish Mines
 21301 | Orc:1    | Reached skill level 11 in Spellcasting
 21340 | Orc:1    | Found a runed translucent gate.
 21340 | Orc:1    | Found a runed translucent gate.
 21340 | Orc:1    | Found a runed translucent gate.
 21344 | Orc:1    | Noticed topfpfpflanze's ghost (journeyman OpCj)
 21459 | Orc:1    | Noticed Nergalle
 21465 | Orc:1    | Killed Nergalle
 21659 | Orc:1    | Reached XP level 14. HP: 113/113 MP: 21/33
 21735 | Orc:1    | Found Suru's Assorted Antiques.
 21933 | Orc:2    | Entered Level 2 of the Orcish Mines
 21933 | Orc:2    | Found a staircase to the Elven Halls.
 22150 | Orc:2    | Found Zijeikhypn's Book Shoppe.
 22172 | Orc:2    | Bought a book of Fire for 704 gold pieces
 22189 | Orc:1    | Learned a level 5 spell: Fireball
 22666 | Orc:2    | Reached skill level 1 in Fire Magic
 22974 | Orc:2    | Found Umoemeni's Distillery.
 23024 | Orc:2    | Noticed an orc warlord
 23037 | Orc:2    | Killed an orc warlord
 23235 | Orc:2    | Found Pyg Joll's Antique Armour Shoppe.
 23237 | Orc:2    | Found Etephiaps's Antique Weapon Emporium.
 23250 | Orc:2    | Bought a runed helmet for 247 gold pieces
 23305 | Orc:2    | Found Meirch's Jewellery Shoppe.
 23314 | Orc:2    | Bought the amulet "Gaocs" {RegenMP rPois Dex-3 Stlth+} for
                  | 640 gold pieces
 23646 | Orc:2    | Upgraded the game from 0.30-a0-1104-g706747fef1 to
                  | 0.30-a0-1113-ga8025317a9
 23826 | Snake:1  | Entered Level 1 of the Snake Pit
 24071 | Snake:1  | Found Zaxteck's Antique Weapon Shop.
 24245 | Snake:1  | Learned a level 6 spell: Starburst
 25905 | Snake:2  | Noticed a nagaraja
 26063 | Snake:2  | Killed a nagaraja
 26233 | Snake:2  | Noticed Aizul
 26238 | Snake:2  | Killed Aizul
 26512 | Snake:2  | Noticed Mlioglotl
 26575 | Snake:2  | Noticed a tentacled starspawn
 26578 | Snake:1  | Killed Mlioglotl
 26579 | Snake:1  | Reached XP level 15. HP: 64/121 MP: 19/36
 26755 | Snake:2  | Found Avehuek's Jewellery Shop.
 26755 | Snake:2  | Found Koumexel's Assorted Antiques.
 26893 | Snake:2  | Reached skill level 12 in Spellcasting
 26893 | Snake:2  | Reached skill level 5 in Fire Magic
 27231 | Snake:3  | Found Mufaif's Armour Boutique.
 27236 | Snake:3  | Bought a +2 helmet of see invisible for 236 gold pieces
 27798 | Snake:3  | Noticed a nagaraja
 27813 | Snake:3  | Killed a nagaraja
 28029 | Snake:3  | Upgraded the game from 0.30-a0-1113-ga8025317a9 to
                  | 0.30-a0-1124-g6e8f0f562f
 28205 | Snake:3  | Noticed Vashnia
 28324 | Snake:3  | Killed Vashnia
 29046 | Snake:4  | Entered Level 4 of the Snake Pit
 29260 | Snake:4  | Found a frozen archway.
 29287 | IceCv    | Entered an ice cave
 29359 | IceCv    | Reached skill level 10 in Earth Magic
 30245 | IceCv    | Reached XP level 16. HP: 129/129 MP: 32/38
 30402 | Snake:4  | HP: 6/130 [salamander tyrant (1)]
 30402 | Snake:4  | Mangled by a salamander tyrant

Illustrated notes

Levels and vault maps discovered:
D:1:      spicycebolla_arrival_ecumenical, layout_loops_ring
D:2:      layout_rooms
D:3:      layout_basic, nicolae_eternal_life, minmay_ruptured
D:4:      black_bear_nest_1, layout_basic, lemuel_crystal_altar
D:5:      layout_loops_corners, general_overflow_altar
D:6:      layout_basic, fedhas_altar_3, lemuel_doored_altar, temple_fountains,
          portal_sewer_entry_f, kennysheep_generic_room_16, uniq_maggie
D:7:      minmay_evil_eye, layout_gridville, nicolae_nh_ransacked_shop,
          uniq_prince_ribbit1, uniq_duvessa, uniq_joseph
D:8:      layout_basic, amcnicky_altar_gilded, dk_yredelemnul_ordeal,
          moated_statue, uniq_pikel, uniq_gastronok
D:9:      layout_cross, kennysheep_mini
D:10:     layout_long_grid, makhleb_altar_promises_db,
          erik_lair_orcish_takeover, uniq_grum
D:11:     minmay_shrinking_squares, layout_small_grid
D:12:     layout_irregular_city, orc_david_3, uniq_jorgrun
Lair:1:   layout_regular_city
Lair:2:   layout_regular_city
Lair:3:   layout_concentric_octagons, minmay_shoals_entry_beasts,
          guppyfry_snake_entry_island, lemuel_fruit_tree, lemuel_fruit_fields
Lair:4:   layout_small_grid, dpeg_slime_entry_corner, basic_altar
Lair:5:   minmay_lair_end_enchanted_forest, layout_gridlike, basic_altar,
          serial_bayou_pond_a, dpeg_oklob_1, lemuel_fruit_fields,
          infiniplex_staircase_pool
Snake:1:  layout_cave_pods, serial_shops, shop_fountains,
          nicolae_snake_dead_anacondas
Snake:2:  layout_onion, nicolae_snake_salamander_fort, grunt_megastairs_2,
          minmay_shoptagon, uniq_aizul, uniq_mlioglotl
Snake:3:  layout_cave_town, serial_shops, nicolae_shop_rolling_square,
          uniq_vashnia
Snake:4:  snake_pit, layout_rooms, portal_ice_cave_entry_frozen_things
Orc:1:    layout_diamond_mine, gammafunk_ghost_necromancy, serial_shops,
          nicolae_shop_behind_doors, okawaru_metal_pillars_1_2, uniq_nergalle
Orc:2:    grunt_orc_community_town_hall, layout_caves,
          grunt_orc_community_big_house_1, grunt_orc_community_big_house_2,
          grunt_orc_community_house_3, grunt_orc_community_house_2,
          grunt_orc_community_house_1, grunt_orc_community_house_2,
          grunt_orc_community_house_3, grunt_orc_community_house_3,
          serial_shops, shop

Skill      XL: |  1  2  3  4  5  6  7  8  9 10 11 12 13 14 15 |
---------------+----------------------------------------------+-----
Spellcasting   | 2 3 4 5 6 7 8 9 10 11 12 | 12.8
Earth Magic    | 3 4 5 6 7 8 9 10 | 10.2
Conjurations   | 1 2 3 4 5 6 7 8 9 |  9.5
Transmutations | 1 2 3 4 5 6 7 |  7.1
Dodging        | 2 3 4 5 6 7 8 9 |  9.0
Staves         | 1 2 3 4 5 6 7 8 |  8.8
Fighting       | 2 3 4 5 6 7 8 |  8.8
Evocations     | 2 3 4 5 6 7 8 |  8.7
Shields        | 1 3 4 5 6 |  6.0
Fire Magic     | 4 7 |  7.2
Stealth        | |  1.7

Action                     |  1- 3 |  4- 6 |  7- 9 | 10-12 | 13-15 | 16-18 || total
---------------------------+-------+-------+-------+-------+-------+-------++-------
  Melee: Club              |    11 |       |       |       |       |       ||    11
         Dagger            |       |     9 |     2 |    14 |       |       ||    25
         Quarterstaff      |       |       |     7 |       |       |       ||     7
         Morningstar       |       |       |       |    20 |     1 |       ||    21
         Staff             |       |       |       |       |    36 |     1 ||    37
   Cast: Sandblast         |    43 |   128 |   202 |   309 |   257 |       ||   939
         Stone Arrow       |       |     4 |    16 |   150 |    38 |       ||   208
         Petrify           |       |       |       |     2 |       |       ||     2
         Iron Shot         |       |       |       |    15 |   187 |     4 ||   206
         Fireball          |       |       |       |       |   176 |    11 ||   187
         Starburst         |       |       |       |       |    12 |       ||    12
         Passwall          |       |       |       |       |     4 |       ||     4
  Evoke: Wand              |       |       |     1 |     8 |     7 |       ||    16
         Lightning rod     |       |       |       |       |     1 |       ||     1
         Tin of tremorston |       |       |       |       |     4 |     2 ||     6
         Phantom mirror    |       |       |       |       |     1 |       ||     1
         Phial of floods   |       |       |       |       |       |     1 ||     1
    Use: Scroll            |       |     1 |    18 |    14 |     9 |     1 ||    43
         Potion            |       |       |       |     3 |     8 |     2 ||    13
   Stab: Sleeping          |       |     1 |       |       |       |       ||     1
         Petrified         |       |       |       |     7 |       |       ||     7
 Armour: Robe              |     4 |    11 |     2 |       |    47 |     3 ||    67
         Steam dragon scal |       |       |     6 |   111 |    53 |       ||   170
         Skin              |       |       |       |     1 |       |       ||     1
  Dodge: Dodged            |    15 |    51 |    69 |   205 |   184 |     4 ||   528
  Block: Buckler           |       |       |     6 |    95 |   108 |     2 ||   211

Table legend: (Time is in decaauts)
 A = Elapsed time spent in this place.
 B = Non-inter-level travel time spent in this place.
 C = Inter-level travel time spent in this place.
 D = Time resting spent in this place.
 E = Time spent auto-exploring this place.
 F = Levels seen in this place.
 G = Mean time per level.
                   A        B        C        D        E       F      G
               +--------+--------+--------+--------+--------+-----+--------+
         Total |  31085 |  29022 |   2063 |   9729 |  10157 |  25 | 1243.4 |
       Dungeon |  13089 |  11879 |   1210 |   2602 |   6804 |  12 | 1090.8 |
          Lair |   8188 |   7656 |    532 |   3568 |    778 |   5 | 1637.6 |
     Snake Pit |   5552 |   5356 |    196 |   2398 |   1648 |   4 | 1388.0 |
  Orcish Mines |   2474 |   2351 |    123 |    651 |    777 |   2 | 1237.0 |
         Sewer |    792 |    792 |      0 |    116 |     52 |   1 |  792.0 |
      Ice Cave |    988 |    988 |      0 |    392 |     97 |   1 |  988.0 |
               +--------+--------+--------+--------+--------+-----+--------+

Top non-repeatable levels by time:
  Lair:5: 2534 daAuts
 Snake:1: 2166 daAuts
  Lair:4: 1942 daAuts
 Snake:2: 1635 daAuts
 Snake:3: 1581 daAuts
    D:11: 1543 daAuts
   Orc:2: 1473 daAuts
     D:7: 1420 daAuts
  Lair:1: 1401 daAuts
     D:5: 1391 daAuts
     D:6: 1347 daAuts
  Lair:3: 1226 daAuts
    D:12: 1102 daAuts
  Lair:2: 1084 daAuts
    D:10: 1084 daAuts
